TOP OF THE 1ST |
Chula Vista Tacos batting - Pitching for Saskatoon Smokin' Guns : RHP Allen Collins
|
Pitching: RHP Allen Collins
|
|
Batting: RHB Jorge Collazo
|
0-0: SINGLE (Groundball, 6D)
|
Batting: RHB John Nelson
|
0-0: SINGLE (Line Drive, 6MD) Jorge Collazo to second
|
Batting: SHB Adrián Nieto
|
0-0: Reached on error, E6 (Groundball, 6S) Jorge Collazo to third John Nelson to second
|
Batting: RHB Luis Martínez
|
0-0: Called Strike 0-1: Ball 1-1: Fly out, F3 (Popup, 13)
|
Batting: RHB Griswold Coleman
|
0-0: Ball 1-0: Ball 2-0: Swinging Strike 2-1: SINGLE (Groundball, 4MD) Jorge Collazo scores John Nelson to third Adrián Nieto to second
|
Batting: LHB Alberto Santos
|
0-0: Ball 1-0: Ball 2-0: Foul Ball, location: 2F 2-1: Foul Ball, location: 2F 2-2: Fielders Choice at 2nd, U4 (Groundball, 4) John Nelson scores Adrián Nieto to third
|
Batting: LHB Ray Bryant
|
0-0: Called Strike 0-1: Foul Ball, location: 2F 0-2: Ball 1-2: Ground out 1-3 (Groundball, 13S)
|
Top of the 1st over - 2 run(s), 3 hit(s), 1 error(s), 2 left on base; Chula Vista 2 - Saskatoon 0 |
BOTTOM OF THE 1ST |
Saskatoon Smokin' Guns batting - Pitching for Chula Vista Tacos : RHP Enrique Sánchez
|
Pitching: RHP Enrique Sánchez
|
|
Batting: LHB Andrew Veeck
|
0-0: Foul Ball, location: 2F 0-1: Ground out 2-3 (Groundball, 25)
|
Batting: LHB Russell Peck
|
0-0: Ball 1-0: Called Strike 1-1: Ground out 6-3 (Groundball, 6)
|
Batting: RHB Pedro Núñez
|
0-0: Called Strike 0-1: Swinging Strike 0-2: Strikes out looking
|
Bottom of the 1st over - 0 run(s), 0 hit(s), 0 error(s), 0 left on base; Chula Vista 2 - Saskatoon 0 |
TOP OF THE 2ND |
Chula Vista Tacos batting - Pitching for Saskatoon Smokin' Guns : RHP Allen Collins
|
Batting: RHB José Oliveira
|
0-0: Ball 1-0: Ball 2-0: SINGLE (Groundball, 56D) (infield hit)
|
Batting: LHB Ken Phillips
|
0-0: Called Strike 0-1: Fielders Choice at 2nd, 1-6 (Groundball, 15)
|
Batting: RHB Jorge Collazo
|
0-0: Ball 1-0: Ball 2-0: Ball 3-0: Base on Balls Ken Phillips to second
|
Batting: RHB John Nelson
|
0-0: Ball 1-0: Ball 2-0: Called Strike 2-1: Called Strike 2-2: Ball 3-2: Base on Balls Ken Phillips to third Jorge Collazo to second
|
Batting: SHB Adrián Nieto
|
0-0: DOUBLE (Flyball, 8RM) Ken Phillips scores Jorge Collazo scores John Nelson to third
|
Batting: RHB Luis Martínez
|
0-0: Foul Ball, location: 2F 0-1: Ball 1-1: Fly out, F7 (Flyball, 7D) Runner from 3rd tags up, SCORES, no throw Adrián Nieto to third
|
Batting: RHB Griswold Coleman
|
0-0: Ball 1-0: Ball 2-0: Ball 3-0: Called Strike 3-1: Called Strike 3-2: Ground out 5-3 (Groundball, 5)
|
Top of the 2nd over - 3 run(s), 2 hit(s), 0 error(s), 1 left on base; Chula Vista 5 - Saskatoon 0 |
BOTTOM OF THE 2ND |
Saskatoon Smokin' Guns batting - Pitching for Chula Vista Tacos : RHP Enrique Sánchez
|
Now at C: Doug Brown
|
|
Batting: RHB António Yánez
|
0-0: Called Strike 0-1: Ground out 4-3 (Groundball, 4)
|
Batting: RHB Eric Neal
|
0-0: Called Strike 0-1: Fly out, F2 (Popup, 2RF)
|
Batting: LHB Raúl Casillán
|
0-0: Ground out 4-3 (Groundball, 4)
|
Bottom of the 2nd over - 0 run(s), 0 hit(s), 0 error(s), 0 left on base; Chula Vista 5 - Saskatoon 0 |
TOP OF THE 3RD |
Chula Vista Tacos batting - Pitching for Saskatoon Smokin' Guns : RHP Allen Collins
|
Batting: LHB Alberto Santos
|
0-0: Ball 1-0: Called Strike 1-1: Swinging Strike 1-2: Ball 2-2: Strikes out swinging
|
Batting: LHB Ray Bryant
|
0-0: Called Strike 0-1: Ball 1-1: Ball 2-1: Ball 3-1: Reached on error, E6 (Groundball, 6)
|
Batting: RHB Doug Brown
|
0-0: Called Strike 0-1: Swinging Strike 0-2: Ball Ray Bryant is caught stealing 2nd base 1-2: Ball 2-2: Strikes out swinging
|
Top of the 3rd over - 0 run(s), 0 hit(s), 1 error(s), 0 left on base; Chula Vista 5 - Saskatoon 0 |
BOTTOM OF THE 3RD |
Saskatoon Smokin' Guns batting - Pitching for Chula Vista Tacos : RHP Enrique Sánchez
|
Batting: RHB Tom Rowe
|
0-0: Called Strike 0-1: Ball 1-1: Foul Ball, location: 2F 1-2: Foul Ball, location: 2F 1-2: Ball 2-2: Strikes out swinging
|
Batting: RHB Paul Swift
|
0-0: Called Strike 0-1: Ball 1-1: Foul Ball, location: 2F 1-2: DOUBLE (Flyball, 89M)
|
Batting: LHB Bo Rush
|
0-0: Ball 1-0: Fly out, F7 (Flyball, 7LM)
|
Batting: LHB Andrew Veeck
|
0-0: Called Strike 0-1: Foul Ball, location: 2F 0-2: Ground out 4-3 (Groundball, 4)
|
Bottom of the 3rd over - 0 run(s), 1 hit(s), 0 error(s), 1 left on base; Chula Vista 5 - Saskatoon 0 |
TOP OF THE 4TH |
Chula Vista Tacos batting - Pitching for Saskatoon Smokin' Guns : RHP Allen Collins
|
Batting: LHB Ken Phillips
|
0-0: Ball 1-0: Ball 2-0: Called Strike 2-1: Ball 3-1: Base on Balls
|
Batting: RHB Jorge Collazo
|
0-0: Called Strike 0-1: Foul Ball, location: 2F 0-2: SINGLE (Groundball, 4M) Ken Phillips to second Runner from 2nd tries for 3rd, SAFE, no throw or cutoff
|
Batting: RHB John Nelson
|
0-0: Ball 1-0: Ball Jorge Collazo is caught stealing 2nd base 2-0: Ground out 4-3 (Groundball, 4M) Ken Phillips scores
|
Batting: SHB Adrián Nieto
|
0-0: Called Strike 0-1: SINGLE (Groundball, 34D)
|
Batting: RHB Luis Martínez
|
0-0: Called Strike 0-1: Ball 1-1: Foul Ball, location: 2F 1-2: Fielders Choice at 2nd, U6 (Groundball, 6M)
|
Top of the 4th over - 1 run(s), 2 hit(s), 0 error(s), 1 left on base; Chula Vista 6 - Saskatoon 0 |
BOTTOM OF THE 4TH |
Saskatoon Smokin' Guns batting - Pitching for Chula Vista Tacos : RHP Enrique Sánchez
|
Batting: LHB Russell Peck
|
0-0: Swinging Strike 0-1: Foul Ball, location: 2F 0-2: Strikes out looking
|
Batting: RHB Pedro Núñez
|
0-0: Ball 1-0: Ground out 1-3 (Groundball, 15S)
|
Batting: RHB António Yánez
|
0-0: Ball 1-0: Called Strike 1-1: Foul Ball, location: 2F 1-2: Ball 2-2: Foul Ball, location: 2F 2-2: Ball 3-2: Foul Ball, location: 2F 3-2: Fly out, F9 (Flyball, 9M)
|
Bottom of the 4th over - 0 run(s), 0 hit(s), 0 error(s), 0 left on base; Chula Vista 6 - Saskatoon 0 |
TOP OF THE 5TH |
Chula Vista Tacos batting - Pitching for Saskatoon Smokin' Guns : RHP Allen Collins
|
Batting: RHB Griswold Coleman
|
0-0: Ball 1-0: Ball 2-0: Ball 3-0: Base on Balls
|
Batting: LHB Alberto Santos
|
0-0: Fielders Choice at 2nd, 1-6 (Groundball, 13)
|
Batting: LHB Ray Bryant
|
0-0: Called Strike 0-1: 2-RUN HOME RUN (Flyball, 9LD), Distance : 340 ft
|
Pitching: RHP Daniel Casey
|
|
Batting: RHB Doug Brown
|
0-0: Ground out 6-3 (Groundball, 6)
|
Batting: LHB Ken Phillips
|
0-0: Swinging Strike 0-1: Called Strike 0-2: Ball 1-2: Foul Ball, location: 2F 1-2: Foul Ball, location: 2F 1-2: Ball 2-2: SINGLE (Groundball, 4M)
|
Batting: RHB Jorge Collazo
|
0-0: SINGLE (Line Drive, 89S) Ken Phillips to second Runner from 2nd tries for 3rd, OUT!
|
Top of the 5th over - 2 run(s), 3 hit(s), 0 error(s), 1 left on base; Chula Vista 8 - Saskatoon 0 |
BOTTOM OF THE 5TH |
Saskatoon Smokin' Guns batting - Pitching for Chula Vista Tacos : RHP Enrique Sánchez
|
Batting: RHB Eric Neal
|
0-0: Ball 1-0: Foul Ball, location: 2F 1-1: Called Strike 1-2: Ground out 6-3 (Groundball, 6)
|
Batting: LHB Raúl Casillán
|
0-0: Called Strike 0-1: SINGLE (Groundball, 3S) (infield hit)
|
Batting: RHB Tom Rowe
|
0-0: Ball 1-0: Ball 2-0: SINGLE (Groundball, 23) (infield hit) Raúl Casillán to second
|
Batting: RHB Paul Swift
|
0-0: Swinging Strike 0-1: Fly out, F8 (Line Drive, 8RM)
|
Batting: LHB Bo Rush
|
0-0: Ground out 1-3 (Groundball, 13)
|
Bottom of the 5th over - 0 run(s), 2 hit(s), 0 error(s), 2 left on base; Chula Vista 8 - Saskatoon 0 |
TOP OF THE 6TH |
Chula Vista Tacos batting - Pitching for Saskatoon Smokin' Guns : RHP Daniel Casey
|
Batting: RHB John Nelson
|
0-0: Ball 1-0: Foul Ball, location: 2F 1-1: Foul Ball, location: 2F 1-2: Foul Ball, location: 2F 1-2: Ground out 5-3 (Groundball, 5L)
|
Batting: SHB Adrián Nieto
|
0-0: Ball 1-0: Ball 2-0: Called Strike 2-1: Ground out 4-3 (Groundball, 4M)
|
Batting: RHB Luis Martínez
|
0-0: Fly out, F9 (Flyball, 9D)
|
Top of the 6th over - 0 run(s), 0 hit(s), 0 error(s), 0 left on base; Chula Vista 8 - Saskatoon 0 |
BOTTOM OF THE 6TH |
Saskatoon Smokin' Guns batting - Pitching for Chula Vista Tacos : RHP Enrique Sánchez
|
Batting: LHB Andrew Veeck
|
0-0: Swinging Strike 0-1: Ball 1-1: Called Strike 1-2: Strikes out swinging
|
Batting: LHB Russell Peck
|
0-0: Called Strike 0-1: Ball 1-1: Ball 2-1: Swinging Strike 2-2: Foul Ball, location: 2F 2-2: Ground out 6-3 (Groundball, 6)
|
Batting: RHB Pedro Núñez
|
0-0: Called Strike 0-1: Called Strike 0-2: Strikes out looking
|
Bottom of the 6th over - 0 run(s), 0 hit(s), 0 error(s), 0 left on base; Chula Vista 8 - Saskatoon 0 |
TOP OF THE 7TH |
Chula Vista Tacos batting - Pitching for Saskatoon Smokin' Guns : RHP Daniel Casey
|
Batting: RHB Griswold Coleman
|
0-0: Ball 1-0: SINGLE (Flyball, 9LS)
|
Batting: LHB Alberto Santos
|
0-0: Bunted foul 0-1: Sac Bunt - play at first, batter OUT! 1-4 Griswold Coleman to second
|
Pitching: RHP Dan Handy
|
|
Batting: LHB Ray Bryant
|
0-0: Foul Ball, location: 2F 0-1: Ball 1-1: Called Strike 1-2: Foul Ball, location: 2F 1-2: Foul Ball, location: 2F 1-2: Ball 2-2: Ball 3-2: Foul Ball, location: 2F 3-2: Base on Balls
|
Batting: RHB Doug Brown
|
0-0: Foul Ball, location: 2F 0-1: Swinging Strike 0-2: Ball 1-2: Ball 2-2: Strikes out swinging
|
Batting: LHB Ken Phillips
|
0-0: Ball 1-0: Called Strike 1-1: 3-RUN HOME RUN (Flyball, 9D), Distance : 423 ft
|
Batting: RHB Jorge Collazo
|
0-0: Ball 1-0: Called Strike 1-1: Foul Ball, location: 2F 1-2: Foul Ball, location: 2F 1-2: Ground out 6-3 (Groundball, 6M)
|
Top of the 7th over - 3 run(s), 2 hit(s), 0 error(s), 0 left on base; Chula Vista 11 - Saskatoon 0 |
BOTTOM OF THE 7TH |
Saskatoon Smokin' Guns batting - Pitching for Chula Vista Tacos : RHP Enrique Sánchez
|
Batting: RHB António Yánez
|
0-0: Foul Ball, location: 2F 0-1: Foul Ball, location: 2F 0-2: DOUBLE (Flyball, 7D)
|
Batting: RHB Eric Neal
|
0-0: Ball 1-0: Called Strike 1-1: Ball 2-1: Ball 3-1: Called Strike 3-2: SINGLE (Groundball, 5S) António Yánez to third
|
Batting: LHB Raúl Casillán
|
0-0: Swinging Strike 0-1: Ball 1-1: Ground out U3 (Groundball, 3S) António Yánez scores Eric Neal to second
|
Batting: RHB Tom Rowe
|
0-0: Ball 1-0: Ball 2-0: Called Strike Eric Neal steals 3rd base 2-1: Foul Ball, location: 2F 2-2: Ball 3-2: Foul Ball, location: 2F 3-2: Ground out 6-3 (Groundball, 6) Eric Neal scores
|
Batting: RHB Paul Swift
|
0-0: Ball 1-0: Fly out, F8 (Line Drive, 8LD)
|
Bottom of the 7th over - 2 run(s), 2 hit(s), 0 error(s), 0 left on base; Chula Vista 11 - Saskatoon 2 |
TOP OF THE 8TH |
Chula Vista Tacos batting - Pitching for Saskatoon Smokin' Guns : RHP Dan Handy
|
Batting: RHB John Nelson
|
0-0: Called Strike 0-1: Ball 1-1: Ball 2-1: Ball 3-1: Foul Ball, location: 2F 3-2: TRIPLE (Flyball, 89M)
|
Batting: SHB Adrián Nieto
|
0-0: Ball 1-0: Swinging Strike 1-1: Swinging Strike 1-2: Ball 2-2: Ball 3-2: Ground out 1-3 (Groundball, 15S)
|
Batting: RHB Luis Martínez
|
0-0: Foul Ball, location: 2F 0-1: Ball 1-1: Called Strike 1-2: Ball 2-2: DOUBLE (Line Drive, 7LM) John Nelson scores
|
Batting: RHB Griswold Coleman
|
0-0: Ball 1-0: Swinging Strike 1-1: Swinging Strike 1-2: Strikes out looking
|
Batting: LHB Alberto Santos
|
0-0: Ball 1-0: Ball 2-0: Ball Wild Pitch! Luis Martínez to third 3-0: Base on Balls
|
Batting: LHB Ray Bryant
|
0-0: Ball 1-0: Called Strike 1-1: SINGLE (Line Drive, 56) Luis Martínez scores Alberto Santos to second
|
Pitching: LHP Dawson Sutton
|
|
Batting: RHB Doug Brown
|
0-0: Called Strike 0-1: Swinging Strike 0-2: Ball 1-2: Ball 2-2: Strikes out swinging
|
Top of the 8th over - 2 run(s), 3 hit(s), 0 error(s), 2 left on base; Chula Vista 13 - Saskatoon 2 |
BOTTOM OF THE 8TH |
Saskatoon Smokin' Guns batting - Pitching for Chula Vista Tacos : RHP Enrique Sánchez
|
Pitching: LHP Geoff Williams
|
|
Now at C: Dave King
|
|
Batting: LHB Bo Rush
|
0-0: Called Strike 0-1: Ball 1-1: SINGLE (Groundball, 4MD)
|
Batting: LHB Andrew Veeck
|
0-0: Fly out, F8 (Flyball, 8RM)
|
Batting: LHB Russell Peck
|
0-0: Called Strike 0-1: Fly out, F8 (Flyball, 8LM)
|
Batting: RHB Pedro Núñez
|
0-0: Ground out 4-3 (Groundball, 34)
|
Bottom of the 8th over - 0 run(s), 1 hit(s), 0 error(s), 1 left on base; Chula Vista 13 - Saskatoon 2 |
TOP OF THE 9TH |
Chula Vista Tacos batting - Pitching for Saskatoon Smokin' Guns : LHP Dawson Sutton
|
Batting: LHB Ken Phillips
|
0-0: Ground out 1-3 (Groundball, 13S)
|
Batting: RHB Jorge Collazo
|
0-0: Ball 1-0: Ball 2-0: Ball 3-0: Called Strike 3-1: Foul Ball, location: 2F 3-2: Base on Balls
|
Batting: RHB John Nelson
|
0-0: DOUBLE (Groundball, 5L) Jorge Collazo to third
|
Batting: SHB Adrián Nieto
|
0-0: Ball 1-0: Ground out 2-3 (Groundball, 13S)
|
Batting: RHB Luis Martínez
|
0-0: Ground out 5-3 (Groundball, 56)
|
Top of the 9th over - 0 run(s), 1 hit(s), 0 error(s), 2 left on base; Chula Vista 13 - Saskatoon 2 |
BOTTOM OF THE 9TH |
Saskatoon Smokin' Guns batting - Pitching for Chula Vista Tacos : LHP Geoff Williams
|
Now at 3B: Brian Price
|
|
Batting: RHB António Yánez
|
0-0: Foul Ball, location: 2F 0-1: Foul Ball, location: 2F 0-2: Strikes out swinging
|
Batting: RHB Eric Neal
|
0-0: Fly out, F8 (Flyball, 8RD)
|
Batting: LHB Raúl Casillán
|
0-0: Called Strike 0-1: Swinging Strike 0-2: Ball 1-2: Strikes out swinging
|
Bottom of the 9th over - 0 run(s), 0 hit(s), 0 error(s), 0 left on base; Chula Vista 13 - Saskatoon 2 |
|